[Event "Titled Tuesday Blitz May 03 Late 2022"]
[White "Moral Garcia, Serafin"]
[Black "Khanin, Semen"]
[WhiteFideId "2201925"]
[BlackFideId "4111990"]
[WhiteElo "2477"]
[BlackElo "2739"]
[Result "0-1"]
[Round "02"]
[TimeControl "180+1"]
[Date "2022.05.03"]
[WhiteClock "0:00:06"]
[BlackClock "0:00:26"]

1. e4 c5 2. Nf3 e6 3. c3 d5 4. exd5 Qxd5 5. d4 Nf6 6. a3 cxd4 7. cxd4 Nc6 8. Nc3 Qd6 9. Bd3 Be7 10. O-O O-O 11. Bc2 a6 12. Qd3 b5 13. Bg5 g6 14. Bh6 Rd8 15. Rad1 Bb7 16. Rfe1 Ng4 17. Bc1 Rac8 18. h3 Nf6 19. Bg5 b4 20. Na4 bxa3 21. bxa3 Qd5 22. Bb3 Qa5 23. Qe2 Nxd4 24. Nxd4 Qxg5 25. f3 Bc5 26. Nxc5 Qxc5 27. Qf2 e5 28. Ne2 Rxd1 29. Rxd1 Qxa3 30. Qb6 Qc5+ 31. Qxc5 Rxc5 32. Rd6 Kg7 33. Rb6 Bc8 34. Kf2 a5 35. Ke3 Bd7 36. Rd6 a4 37. Ba2 Rc2 38. Bb1 Rb2 39. Bd3 a3 40. Ra6 a2 41. Bc4 Be6 42. Bxe6 fxe6 43. g4 Nd5+ 44. Kd3 Nb4+ 45. Kc3 Rb1 46. Ra7+ Kf8 47. Ra8+ Ke7 48. Ra7+ Kd6 49. Ra6+ Nxa6 0-1


[Site "https://www.chess.com"]

[Event "Titled Tuesday Blitz May 03 Late 2022"]
[White "Mortazavi, Ali"]
[Black "Castillo Pena, Patricia Evarista"]
[WhiteFideId "401323"]
[BlackFideId "6412106"]
[WhiteElo "2339"]
[BlackElo "1918"]
[Result "1-0"]
[Round "02"]
[TimeControl "180+1"]
[Date "2022.05.03"]
[WhiteClock "0:00:34"]
[BlackClock "0:00:05"]

1. Nf3 d5 2. g3 c6 3. Bg2 Nf6 4. O-O e6 5. d3 Nbd7 6. Nbd2 Be7 7. e4 dxe4 8. dxe4 Qc7 9. a4 O-O 10. a5 a6 11. Qe2 Rd8 12. e5 Nd5 13. Nc4 h6 14. h4 b5 15. axb6 N5xb6 16. Na5 c5 17. Qe4 Rb8 18. Nc6 Bf8 19. Nxb8 Qxb8 20. Bf4 Bb7 21. Qe2 Nd5 22. Bd2 Qc7 23. Ba5 N5b6 24. Rfd1 Rc8 25. c4 Bc6 26. Rd2 Qb7 27. Rad1 g6 28. Ne1 Bxg2 29. Nxg2 Bg7 30. f4 Qc6 31. Rd6 Qb7 32. h5 gxh5 33. Qxh5 Rc6 34. Bxb6 Nxb6 35. Rd8+ Kh7 36. Qf3 Nxc4 37. Qe4+ 1-0


[Site "https://www.chess.com"]

[Event "Titled Tuesday Blitz May 03 Late 2022"]
[White "Moskalenko, Alexander"]
[Black "Milanovic, Marko"]
[WhiteFideId "4155351"]
[BlackFideId "980129"]
[WhiteElo "2434"]
[BlackElo "2159"]
[Result "1-0"]
[Round "02"]
[TimeControl "180+1"]
[Date "2022.05.03"]
[WhiteClock "0:00:18"]
[BlackClock "0:00:26"]

1. c4 Nf6 2. Nc3 c5 3. Nf3 Nc6 4. d4 cxd4 5. Nxd4 g6 6. g3 Bg7 7. Bg2 O-O 8. O-O a6 9. b3 Qc7 10. Ba3 d6 11. Rc1 Bd7 12. Nd5 Qd8 13. Bb2 Rc8 14. Nxc6 bxc6 15. Nxf6+ Bxf6 16. Bxf6 exf6 17. Qxd6 Be6 18. Rfd1 Qb6 19. Qd4 Qxd4 20. Rxd4 Rfd8 21. Rxd8+ Rxd8 22. Bxc6 Rd2 23. a4 Rxe2 24. b4 Rb2 25. b5 axb5 26. axb5 Kf8 27. c5 Ke7 28. b6 Kd8 29. Rd1+ Kc8 30. Bd5 Bg4 31. Ra1 Bh3 32. f4 Kd7 33. Ra7+ Kc8 34. c6 Rxb6 35. Rxf7 Rb1+ 36. Kf2 Rb2+ 37. Ke3 Rxh2 38. Rxh7 g5 39. fxg5 fxg5 40. Rxh3 Rxh3 41. Be6+ Kc7 42. Bxh3 Kxc6 43. Ke4 Kd6 44. Bg4 Ke7 45. Kf5 Kf7 46. Kxg5 Kg7 47. Bf5 Kg8 48. g4 Kg7 49. Be6 Kh8 50. Bd5 Kg7 51. Kf5 Kh8 52. g5 Kg7 53. g6 Kh8 54. Bg2 Kg7 55. Kg5 Kh8 56. Kf6 Kg8 57. Bd5+ Kh8 58. g7+ Kh7 59. g8=Q+ Kh6 60. Qg5+ Kh7 61. Qh5# 1-0


[Site "https://www.chess.com"]

[Event "Titled Tuesday Blitz May 03 Late 2022"]
[White "Nagy, Gabor"]
[Black "Miszler, Levente"]
[WhiteFideId "737119"]
[BlackFideId "763276"]
[WhiteElo "2534"]
[BlackElo "1966"]
[Result "1-0"]
[Round "02"]
[TimeControl "180+1"]
[Date "2022.05.03"]
[WhiteClock "0:02:16"]
[BlackClock "0:00:57"]

1. e4 e6 2. d4 d5 3. Nc3 Nf6 4. Bg5 Be7 5. e5 Nfd7 6. h4 f6 7. exf6 Nxf6 8. Nf3 O-O 9. Bd3 c5 10. dxc5 Nc6 11. Qe2 Bxc5 12. O-O-O Nb4 13. Ne5 Nxd3+ 14. Rxd3 Qa5 15. Kb1 b5 16. Bxf6 Rxf6 17. Rf3 b4 18. Rxf6 gxf6 19. Qg4+ Kf8 20. Qf4 Kg7 21. Rh3 Qd8 22. Rg3+ Kf8 23. Qh6+ Ke7 24. Rg7+ Kd6 25. Nf7+ 1-0


[Site "https://www.chess.com"]

[Event "Titled Tuesday Blitz May 03 Late 2022"]
[White "Nozdrachev, Leonid"]
[Black "Mekhane, Adam"]
[WhiteFideId "24113433"]
[BlackFideId "36050601"]
[WhiteElo "2242"]
[BlackElo "2002"]
[Result "1/2-1/2"]
[Round "02"]
[TimeControl "180+1"]
[Date "2022.05.03"]
[WhiteClock "0:00:04"]
[BlackClock "0:00:14"]

1. Nc3 c5 2. g3 d5 3. Bg2 d4 4. Ne4 Nc6 5. Nxc5 e5 6. Nd3 Bd6 7. c3 Nge7 8. cxd4 Nxd4 9. Nf3 Nxf3+ 10. Bxf3 O-O 11. O-O Nc6 12. Bg2 f5 13. b3 e4 14. Nb2 Be5 15. Rb1 Be6 16. Nc4 Bc7 17. Ba3 Rf7 18. d3 Rd7 19. Qc1 Nd4 20. Re1 Bd5 21. Ne3 Bc6 22. Bb2 exd3 23. Bxd4 Bxg2 24. Kxg2 Rxd4 25. exd3 f4 26. Nf5 Qd5+ 27. Kg1 Qxf5 28. Qxc7 Rf8 29. Qe5 Qd7 30. Qe6+ Qxe6 31. Rxe6 Rxd3 32. Re7 fxg3 33. hxg3 Rd2 34. Rf1 Rxa2 35. Rxb7 Rb2 36. Rxa7 Rxb3 37. Ra2 Rbf3 38. Kg2 R3f6 39. Re1 h6 40. Re7 Kh7 41. f4 Kg6 42. Raa7 R8f7 43. Rxf7 Rxf7 44. Ra6+ Rf6 45. Ra5 Rf5 46. Ra3 Rf6 47. Kh3 Rb6 48. Kg4 Kf6 49. Rc3 Rd6 50. Rc5 g6 51. Rc8 Rb6 52. Rh8 Kg7 53. Rc8 Kf6 54. Rc7 Ra6 55. Rh7 h5+ 56. Kh3 Ra1 57. Rh8 Rh1+ 58. Kg2 Ra1 59. Rf8+ Kg7 60. Rc8 Kf6 61. Rc6+ Kf7 62. Kh3 Rh1+ 63. Kg2 Ra1 64. Kh2 Rb1 65. Ra6 Rc1 66. Kg2 Rb1 67. Kf3 Rb4 68. Rc6 Rb3+ 69. Kf2 Rb2+ 70. Kf3 Rb3+ 71. Kg2 Rb1 72. Rc7+ Kf6 73. Rc6+ Kf7 74. f5 gxf5 75. Rh6 Rb4 76. Rxh5 Kg6 77. Rh8 Rc4 78. Kh3 Rc1 79. Rg8+ Kf6 80. Rf8+ Kg5 81. Rg8+ Kf6 82. Kg2 Rc2+ 83. Kf3 Rc3+ 84. Kf2 Rc2+ 85. Kg1 Rb2 86. Kf1 Rc2 87. Rd8 Rb2 88. Rd4 Kg5 89. Rf4 Rc2 90. Kg1 Rb2 91. Rf1 Kg4 92. Rf4+ Kxg3 93. Rxf5 Rg2+ 94. Kf1 Rb2 95. Ke1 Rb1+ 96. Kd2 Rb6 97. Rf8 Rd6+ 98. Ke3 Re6+ 99. Kd4 Rd6+ 100. Ke5 Rg6 101. Rf7 Rg8 102. Ke4 Kg2 103. Ke3 Re8+ 104. Kf4 Re1 105. Rg7+ Kf2 106. Ra7 Re2 107. Rh7 Kg2 108. Rg7+ Kf2 109. Rg8 Rb2 110. Rh8 Rb4+ 111. Ke5 Ke3 112. Rh2 Kf3 113. Rh3+ Kg4 114. Rh8 Rb5+ 115. Kd4 Rf5 116. Ke4 Rf4+ 117. Ke3 Rf3+ 118. Ke4 Rf4+ 119. Ke3 Rf3+ 120. Ke2 Ra3 121. Rf8 Kg5 122. Kf2 Kg4 123. Rc8 Kg5 124. Ke2 Kg4 125. Kd2 Kg5 126. Rc4 Kf5 127. Kc2 Kg5 128. Kb2 Rf3 129. Rc8 Kg4 130. Rd8 Kg3 131. Kc2 Kg4 132. Kd2 Kg5 133. Ke2 Ra3 134. Kf2 Kg4 135. Rg8+ Kf5 136. Rf8+ Kg5 137. Re8 Kg4 138. Ke2 Kg5 139. Kd2 Kg4 140. Re2 Ra2+ 141. Kd3 Ra3+ 142. Kd4 Ra4+ 143. Ke5 1/2-1/2


[Site "https://www.chess.com"]

[Event "Titled Tuesday Blitz May 03 Late 2022"]
[White "Omariev, Maksim"]
[Black "Mikhailov, Viacheslav"]
[WhiteFideId "4193423"]
[BlackFideId "4187369"]
[WhiteElo "2529"]
[BlackElo "2753"]
[Result "0-1"]
[Round "02"]
[TimeControl "180+1"]
[Date "2022.05.03"]
[WhiteClock "0:00:04"]
[BlackClock "0:01:00"]

1. g4 d5 2. Bg2 c6 3. h3 g6 4. d4 Bg7 5. Nf3 Nf6 6. c3 O-O 7. Bf4 Nbd7 8. Nbd2 Ne8 9. e4 dxe4 10. Nxe4 Nef6 11. Qe2 Nxe4 12. Qxe4 Nf6 13. Qe2 Nd5 14. Be5 Bxe5 15. Qxe5 Qd6 16. O-O-O Nf4 17. Bf1 Be6 18. c4 Qxe5 19. Nxe5 Rad8 20. Rg1 f6 21. Nf3 b5 22. b3 bxc4 23. bxc4 Rb8 24. Rg3 Rb4 25. Nd2 Rd8 26. Rb3 Ra4 27. Ne4 Bxc4 28. Bxc4+ Rxc4+ 29. Rc3 Ne2+ 0-1


[Site "https://www.chess.com"]

[Event "Titled Tuesday Blitz May 03 Late 2022"]
[White "Pakleza, Zbigniew"]
[Black "Richter, Nils"]
[WhiteFideId "1119290"]
[BlackFideId "12990809"]
[WhiteElo "2467"]
[BlackElo "2243"]
[Result "1-0"]
[Round "02"]
[TimeControl "180+1"]
[Date "2022.05.03"]
[WhiteClock "0:00:32"]
[BlackClock "0:01:03"]

1. d4 d5 2. Bf4 c6 3. e3 Bf5 4. c4 e6 5. Nc3 Nf6 6. Qb3 Qb6 7. c5 Qxb3 8. axb3 Nbd7 9. b4 Nh5 10. Be5 f6 11. Bc7 Rc8 12. Bd6 a6 13. Bxf8 Rxf8 14. h3 Be4 15. Nxe4 dxe4 16. g4 g6 17. gxh5 gxh5 18. Ne2 f5 19. Nf4 h4 20. Nxe6 Rf6 21. Nf4 Ke7 22. Rg1 Nf8 23. Rg7+ Rf7 24. Rxf7+ Kxf7 25. Bc4+ Kf6 26. d5 Ng6 27. Nxg6 hxg6 28. d6 g5 29. Kd2 Rd8 30. Rg1 Rd7 31. Ke2 Rg7 32. f3 exf3+ 33. Kxf3 Ke5 34. Rxg5 Rxg5 35. d7 Rg3+ 36. Kf2 Rg8 37. Bxg8 1-0


[Site "https://www.chess.com"]

[Event "Titled Tuesday Blitz May 03 Late 2022"]
[White "Perez Rodriguez, Jennifer"]
[Black "Simonovic, Miroslav"]
[WhiteFideId "3507831"]
[BlackFideId "919152"]
[WhiteElo "2170"]
[BlackElo "2043"]
[Result "1-0"]
[Round "02"]
[TimeControl "180+1"]
[Date "2022.05.03"]
[WhiteClock "0:00:18"]
[BlackClock "0:00:03"]

1. e4 c5 2. Nf3 Nc6 3. c3 d5 4. exd5 Qxd5 5. d4 Bf5 6. Be3 cxd4 7. cxd4 Bxb1 8. Rxb1 e6 9. a3 Nf6 10. Be2 Be7 11. h3 O-O 12. O-O Rfd8 13. Rc1 h6 14. Qa4 a6 15. Rfd1 b5 16. Qc2 Rac8 17. Qb1 Na5 18. Ne5 Qb3 19. Rxc8 Rxc8 20. Rc1 Nc4 21. Rc3 Qa4 22. Qc1 Nd5 23. b3 Qxa3 24. Qxa3 Bxa3 25. Rc2 Ndxe3 26. fxe3 Nd6 27. Rxc8+ Nxc8 28. Nc6 Bd6 29. Kf2 Kf8 30. e4 f6 31. e5 fxe5 32. dxe5 Bc5+ 33. Kf3 Nb6 34. Nb8 a5 35. Bxb5 Bb4 36. Ke4 Nd5 37. Bc4 Nc7 38. Nc6 Bc3 39. Kd3 Be1 40. Ke4 Kf7 41. Kd4 g5 42. Kc5 Kg6 43. Kb6 Nd5+ 44. Bxd5 exd5 45. Kc5 Kf5 46. Kxd5 h5 47. e6 Kf6 48. Kd6 g4 49. hxg4 hxg4 50. e7 Bg3+ 51. Kd7 Bd6 52. e8=Q Bf4 53. Qe6+ Kg5 54. Nd4 a4 55. Qf5+ Kh4 56. Qxf4 axb3 57. Nf3+ Kh5 58. Qg5# 1-0


[Site "https://www.chess.com"]

[Event "Titled Tuesday Blitz May 03 Late 2022"]
[White "Pesotskiy, Mikhail"]
[Black "Fernandez Hernandez, Gerardo"]
[WhiteFideId "34164453"]
[BlackFideId "2207400"]
[WhiteElo "2010"]
[BlackElo "2189"]
[Result "1-0"]
[Round "02"]
[TimeControl "180+1"]
[Date "2022.05.03"]
[WhiteClock "0:01:28"]
[BlackClock "0:01:10"]

1. d4 Nf6 2. c4 c5 3. d5 b5 4. cxb5 a6 5. bxa6 g6 6. Nc3 Bg7 7. Nf3 O-O 8. e4 Qa5 9. Bd2 Bxa6 10. Be2 Bxe2 11. Qxe2 e6 12. O-O Qa6 13. Rfe1 Qxe2 14. Rxe2 Na6 15. dxe6 fxe6 16. e5 Nd5 17. Ne4 Rxf3 18. gxf3 Bxe5 19. Nc3 Bxc3 20. Bxc3 Nxc3 21. bxc3 Kf7 22. a4 d5 23. a5 c4 24. Rb2 Kf6 25. Kg2 Nc5 26. Rb5 Nb3 27. Ra3 Ra6 28. Rb6 Rxa5 29. Rbxb3 cxb3 30. Rxa5 Ke5 31. Rb5 Kd6 32. Kf1 e5 33. Ke2 d4 34. cxd4 b2 35. dxe5+ Kc6 36. Rxb2 1-0


[Site "https://www.chess.com"]

[Event "Titled Tuesday Blitz May 03 Late 2022"]
[White "Petrovic, Aleksa"]
[Black "Mangialardo, Tiago Carvalho"]
[WhiteFideId "967629"]
[BlackFideId "2130718"]
[WhiteElo "2198"]
[BlackElo "2117"]
[Result "1-0"]
[Round "02"]
[TimeControl "180+1"]
[Date "2022.05.03"]
[WhiteClock "0:01:58"]
[BlackClock "0:01:00"]

1. d4 d5 2. c4 Nf6 3. cxd5 Qxd5 4. Nc3 Qd8 5. Nf3 Bf5 6. Qb3 Qc8 7. Ne5 e6 8. f3 c5 9. e4 Bg6 10. Bb5+ Nbd7 11. Bg5 cxd4 12. Bxf6 dxc3 13. Bxd7+ Qxd7 14. Nxd7 cxb2 15. Bxb2 Kxd7 16. Qxb7+ 1-0


[Site "https://www.chess.com"]

[Event "Titled Tuesday Blitz May 03 Late 2022"]
[White "Piesik, Piotr"]
[Black "Bernal Moro, Luis Javier"]
[WhiteFideId "1136194"]
[BlackFideId "2200236"]
[WhiteElo "2190"]
[BlackElo "2373"]
[Result "1-0"]
[Round "02"]
[TimeControl "180+1"]
[Date "2022.05.03"]
[WhiteClock "0:00:55"]
[BlackClock "0:00:04"]

1. Nf3 c5 2. g3 Nc6 3. Bg2 e5 4. O-O d5 5. d3 Be7 6. Nbd2 Nf6 7. e4 O-O 8. c3 Re8 9. exd5 Nxd5 10. Re1 Bf8 11. Nc4 f6 12. a4 Kh8 13. a5 Rb8 14. Qa4 Be6 15. Nfd2 Bf7 16. Nf1 Qd7 17. Nfe3 Red8 18. Nxd5 Bxd5 19. Be4 f5 20. Bxd5 Qxd5 21. Bg5 Re8 22. Rad1 h6 23. Bc1 b5 24. axb6 axb6 25. Ne3 Qd7 26. Nxf5 Qxf5 27. Qxc6 Re6 28. Qe4 Qf7 29. f4 Rbe8 30. f5 Rd6 31. Be3 Rf6 32. g4 h5 33. h3 hxg4 34. hxg4 g6 35. Rf1 Kg8 36. fxg6 Qxg6 37. Rxf6 Qxf6 38. Rf1 Qe6 39. g5 Bg7 40. Kg2 Rd8 41. Rf3 Qb3 42. Rf2 Rd7 43. Qf5 Rd8 44. g6 Qd5+ 45. Kg3 Rf8 46. Qe4 Qe6 47. Rxf8+ Bxf8 48. c4 Kg7 49. Kf3 Qxg6 50. Qxg6+ Kxg6 51. Ke4 Kf6 52. Kd5 Kf5 53. Bf2 Bh6 54. Bh4 Bc1 55. b3 Ba3 56. Bd8 Bb4 57. Bxb6 1-0


[Site "https://www.chess.com"]

[Event "Titled Tuesday Blitz May 03 Late 2022"]
[White "Przybylski, Wojciech"]
[Black "Remizov, Yaroslav"]
[WhiteFideId "1117599"]
[BlackFideId "34134015"]
[WhiteElo "2418"]
[BlackElo "2721"]
[Result "1-0"]
[Round "02"]
[TimeControl "180+1"]
[Date "2022.05.03"]
[WhiteClock "0:00:06"]
[BlackClock "0:00:26"]

1. d4 d5 2. Nf3 Bg4 3. c4 dxc4 4. Qc2 Nd7 5. Qxc4 Nb6 6. Qd3 Bxf3 7. gxf3 e6 8. Nc3 Nf6 9. e4 Qd7 10. Be3 O-O-O 11. O-O-O Kb8 12. Kb1 Bb4 13. Qc2 h6 14. Bb5 Qe7 15. a3 Bxc3 16. Qxc3 a6 17. Be2 g5 18. Rd2 Rd6 19. Qb3 Rd7 20. Rc1 Rhd8 21. Rdc2 Nh5 22. Ka2 Nf4 23. Bf1 f5 24. h4 Ka8 25. Rc5 Qh7 26. Ra5 fxe4 27. hxg5 hxg5 28. Rxc7 Rxc7 29. Qxb6 Nd5 30. Qxe6 Qf7 31. Qxf7 Rxf7 32. Bc4 Rf5 33. Bxd5 Rfxd5 34. Rxd5 Rxd5 35. fxe4 Rd8 36. Kb3 g4 37. Kc3 b5 38. d5 Kb7 39. Kd3 Kc7 40. Kd4 Kd7 41. e5 Rc8 42. e6+ Ke7 43. Bg5+ Kd6 44. Bf4+ Ke7 45. Ke5 Rc5 46. Bg5+ Ke8 47. Be3 Rc2 48. d6 g3 49. fxg3 Re2 50. Kd4 Re1 51. d7+ Ke7 52. Bg5+ Kxe6 53. d8=Q Rd1+ 54. Kc5 Rxd8 55. Bxd8 b4 56. Kxb4 Kd7 57. Ka5 Kxd8 58. Kxa6 Kc7 59. Ka7 Kc6 60. g4 Kb5 61. g5 Kc4 62. g6 Kb3 63. g7 Ka4 64. b4 Kb5 65. Kb7 Ka4 66. b5 Kxb5 67. g8=Q Ka4 68. Qb8 Ka5 69. Kc6 Ka4 70. Qb4# 1-0


[Site "https://www.chess.com"]

[Event "Titled Tuesday Blitz May 03 Late 2022"]
[White "Rasulov, Vugar"]
[Black "Riff, Vincent"]
[WhiteFideId "13402390"]
[BlackFideId "617776"]
[WhiteElo "2560"]
[BlackElo "2377"]
[Result "1-0"]
[Round "02"]
[TimeControl "180+1"]
[Date "2022.05.03"]
[WhiteClock "0:01:54"]
[BlackClock "0:01:48"]

1. d4 Nf6 2. c4 c5 3. d5 e5 4. Nc3 d6 5. e4 Be7 6. h3 Nbd7 7. Nf3 Nf8 8. a3 Ng6 9. b4 b6 10. Rb1 O-O 11. Bd3 Nd7 12. g3 cxb4 13. axb4 a5 14. bxa5 Rxa5 15. h4 Nc5 16. h5 Nh8 17. h6 g6 18. Be3 f6 19. Be2 Nf7 20. Nd2 f5 21. Nb3 Nxb3 22. Qxb3 Ra8 23. Bxb6 Qe8 24. Nb5 Bd8 25. c5 dxc5 26. Bxc5 fxe4 27. Bxf8 Qxf8 28. d6 Kh8 29. Qd5 Ra5 30. d7 Ba6 31. O-O Nxh6 32. Qxe5+ Bf6 33. Qe8 1-0


[Site "https://www.chess.com"]

[Event "Titled Tuesday Blitz May 03 Late 2022"]
[White "Redzisz, Michal"]
[Black "Gurevich, Dmitry"]
[WhiteFideId "21816107"]
[BlackFideId "2000407"]
[WhiteElo "2014"]
[BlackElo "2506"]
[Result "1/2-1/2"]
[Round "02"]
[TimeControl "180+1"]
[Date "2022.05.03"]
[WhiteClock "0:01:54"]
[BlackClock "0:00:41"]

1. Nf3 Nf6 2. b3 g6 3. Bb2 Bg7 4. e3 O-O 5. Be2 d6 6. O-O c5 7. c4 e5 8. Nc3 Nc6 9. d3 Re8 10. Qc2 b6 11. a3 d5 12. cxd5 Nxd5 13. Nxd5 Qxd5 14. Rfd1 Bb7 15. Qc4 Qxc4 16. dxc4 e4 17. Bxg7 exf3 18. Bxf3 Kxg7 19. Rd7 Ne5 20. Rxb7 Nxf3+ 21. gxf3 Red8 22. b4 Rd2 23. bxc5 bxc5 24. Rc7 Rb8 25. Rxc5 Rbb2 26. Rf1 Rd6 27. Ra5 a6 28. c5 Rd5 29. Rxa6 Rg5+ 30. Kh1 Rxc5 31. f4 Ra2 32. Kg2 Rc3 33. Kf3 Rcxa3 34. Rxa3 Rxa3 35. Rd1 Ra5 36. Rd7 Kf6 37. Rb7 Rc5 38. Ke4 Rc4+ 39. Kf3 Rc5 40. Rb6+ Kg7 41. Kg4 Rh5 42. h4 Ra5 43. f3 Ra1 44. e4 Rg1+ 45. Kh3 Rh1+ 46. Kg3 Rg1+ 47. Kh2 Re1 48. e5 Kf8 49. Rb8+ Ke7 50. Kg3 Rg1+ 51. Kf2 Rh1 52. Rb7+ Ke6 53. Rb6+ Ke7 54. Kg3 Rg1+ 55. Kh2 Re1 56. h5 Re2+ 57. Kg3 Re1 58. hxg6 hxg6 59. f5 gxf5 60. Kf4 Rf1 61. Rb7+ Ke6 62. Rb6+ Ke7 63. Rb7+ Ke6 64. Rb6+ Ke7 1/2-1/2


[Site "https://www.chess.com"]

[Event "Titled Tuesday Blitz May 03 Late 2022"]
[White "Remolar Gallen, Jose"]
[Black "Sanchez Alvares, Kelvin Antonio"]
[WhiteFideId "2215187"]
[BlackFideId "3906680"]
[WhiteElo "2205"]
[BlackElo "2193"]
[Result "0-1"]
[Round "02"]
[TimeControl "180+1"]
[Date "2022.05.03"]
[WhiteClock "0:00:03"]
[BlackClock "0:00:14"]

1. d4 Nf6 2. Nf3 c5 3. d5 g6 4. c4 Bg7 5. Nc3 O-O 6. e4 d6 7. Bd3 e6 8. O-O exd5 9. cxd5 a6 10. a4 Bg4 11. h3 Bxf3 12. Qxf3 Nbd7 13. Qg3 Ne8 14. Bg5 Bf6 15. Bxf6 Qxf6 16. Rad1 Kh8 17. f4 Qd4+ 18. Kh1 c4 19. Bb1 Qc5 20. e5 f5 21. Rfe1 b5 22. Ne2 Ng7 23. Nd4 Rae8 24. Nc6 dxe5 25. fxe5 f4 26. Qc3 f3 27. gxf3 Qf2 28. Rf1 Qg3 29. f4 Qh4 30. e6 Nf6 31. Kg2 Nfh5 32. f5 gxf5 33. Kh2 f4 34. Rf3 Ng3 35. Rg1 Qf6 36. Qxf6 Rxf6 37. Kg2 N3f5 38. Re1 Ne3+ 39. Kf2 Nxd5 40. Nd4 Nc7 41. axb5 Nxb5 42. Nxb5 axb5 43. e7 Rf7 44. Re4 Rexe7 45. Rexf4 Rxf4 46. Rxf4 Kg8 47. Be4 Ne6 48. Bd5 Kg7 49. Rg4+ Kf6 50. Rh4 Ng5 51. Bg2 Kg6 52. Rg4 h5 53. Rf4 Rf7 54. Rxf7 Nxf7 55. Ke3 Kf5 56. Kd4 Ne5 57. Kc5 Nd3+ 58. Kxb5 Nxb2 59. Bf3 h4 60. Kb4 Kf4 61. Bg4 Nd3+ 62. Kxc4 Nf2 63. Bd7 Kg3 64. Kd4 Nxh3 65. Ke3 Nf2 66. Ke2 Kg2 67. Bc6+ Kg1 68. Bd7 Kg2 69. Bc6+ Kg3 70. Bd7 Ng4 71. Kf1 h3 72. Bxg4 h2 0-1


[Site "https://www.chess.com"]

[Event "Titled Tuesday Blitz May 03 Late 2022"]
[White "Reprintsev, Alexander"]
[Black "Storey, Charles H"]
[WhiteFideId "14100541"]
[BlackFideId "406686"]
[WhiteElo "2108"]
[BlackElo "2263"]
[Result "0-1"]
[Round "02"]
[TimeControl "180+1"]
[Date "2022.05.03"]
[WhiteClock "0:00:15"]
[BlackClock "0:00:47"]

1. e4 g6 2. d4 Bg7 3. Nc3 c5 4. dxc5 Bxc3+ 5. bxc3 Nf6 6. Bc4 Qa5 7. Ne2 Qxc5 8. Qd3 Nc6 9. Be3 Qa5 10. f4 d5 11. exd5 Bf5 12. Qd1 Rd8 13. O-O Nxd5 14. Bxd5 Qxd5 15. Qxd5 Rxd5 16. c4 Ra5 17. Rfc1 O-O 18. Nd4 Nxd4 19. Bxd4 Ra4 20. c3 Be6 21. c5 Rc8 22. a3 Rc6 23. Kf2 Rca6 24. Ke3 Bd5 25. g4 Rxa3 26. Rxa3 Rxa3 27. f5 f6 28. h4 Kf7 29. fxg6+ hxg6 30. h5 e5 31. h6 exd4+ 32. Kxd4 Bc6 33. Re1 Ra2 34. h7 Rh2 35. g5 Rxh7 0-1


[Site "https://www.chess.com"]

[Event "Titled Tuesday Blitz May 03 Late 2022"]
[White "Romanchuk, Viktor"]
[Black "Gomez Dieguez, David"]
[WhiteFideId "14109271"]
[BlackFideId "22223630"]
[WhiteElo "2242"]
[BlackElo "2115"]
[Result "1/2-1/2"]
[Round "02"]
[TimeControl "180+1"]
[Date "2022.05.03"]
[WhiteClock "0:00:28"]
[BlackClock "0:01:12"]

1. d4 Nf6 2. c4 e6 3. Nc3 Bb4 4. e3 O-O 5. Ne2 c6 6. a3 Ba5 7. Qc2 d5 8. Ng3 Nbd7 9. Be2 dxc4 10. Bxc4 Bc7 11. O-O e5 12. Rd1 exd4 13. Rxd4 Qe8 14. Rh4 Ne5 15. Ba2 Ng6 16. Rd4 Be5 17. Rd2 Be6 18. b3 Rd8 19. Rxd8 Qxd8 20. Bb2 Qb8 21. Rd1 Rd8 22. Rxd8+ Qxd8 23. b4 Bxa2 24. Nxa2 Bxb2 25. Qxb2 Qd5 26. Nc3 Qd3 27. h3 h6 28. Kh2 Ne5 29. a4 Nc4 30. Qc1 Nd5 31. Nxd5 Qxd5 32. Qc3 b5 33. axb5 cxb5 34. e4 Qd6 35. Kg1 Qd1+ 36. Kh2 Qd6 37. Kg1 Qd1+ 38. Kh2 Qd6 1/2-1/2


[Site "https://www.chess.com"]

[Event "Titled Tuesday Blitz May 03 Late 2022"]
[White "Rosen, Eric"]
[Black "Hakobyan, Aram"]
[WhiteFideId "2032562"]
[BlackFideId "13306677"]
[WhiteElo "2362"]
[BlackElo "2557"]
[Result "0-1"]
[Round "02"]
[TimeControl "180+1"]
[Date "2022.05.03"]
[WhiteClock "0:00:05"]
[BlackClock "0:00:12"]

1. d4 Nf6 2. Bf4 b6 3. Nf3 Bb7 4. c4 e6 5. e3 Bb4+ 6. Nfd2 O-O 7. a3 Be7 8. Nc3 d5 9. Qc2 c5 10. cxd5 cxd4 11. exd4 Nxd5 12. Nxd5 Bxd5 13. Bd3 h6 14. Be4 Nc6 15. Be3 Rc8 16. Qd3 Bf6 17. Rd1 Qd7 18. O-O Rfd8 19. Nf3 Bxe4 20. Qxe4 Ne7 21. Rd2 Nd5 22. Rfd1 Rc4 23. Qd3 Rdc8 24. Ne5 Bxe5 25. dxe5 Qc7 26. Bd4 Rc1 27. h3 Rxd1+ 28. Rxd1 Qc2 29. Qxc2 Rxc2 30. Kf1 Kf8 31. g3 Ke8 32. Re1 Kd7 33. Re2 Rc1+ 34. Re1 Rc4 35. Rd1 Rc2 36. Ke1 Kc6 37. Rd3 Kb5 38. Kd1 Rc7 39. b3 a5 40. Kd2 h5 41. h4 a4 42. bxa4+ Kxa4 43. Bb2 b5 44. Bc1 Nb6 45. Rd4+ Nc4+ 46. Kc3 Ka5 47. f4 Nxa3+ 48. Kb2 Nc4+ 49. Kc3 Ne3+ 50. Kb2 Nd5 51. Bd2+ b4 52. f5 Kb5 53. fxe6 fxe6 54. g4 g6 55. gxh5 gxh5 56. Re4 Rc4 57. Re2 Rxh4 58. Rf2 Re4 59. Rf8 Rxe5 60. Rb8+ Kc4 61. Rh8 Kd3 62. Bh6 Rf5 63. Kb3 e5 64. Rd8 Ke4 65. Re8 h4 66. Bg7 Rh5 67. Rg8 h3 68. Bxe5 Kxe5 69. Rg1 h2 70. Rh1 Ne3 71. Ka4 Ng4 72. Kb5 Nf2 73. Re1+ Kf4+ 74. Ka6 Kf3 75. Re7 h1=Q 76. Rc7 Qa1+ 77. Kb7 Qa5 78. Kb8 Qxc7+ 79. Ka8 Ra5# 0-1


[Site "https://www.chess.com"]

[Event "Titled Tuesday Blitz May 03 Late 2022"]
[White "Roux, Baptiste"]
[Black "Krishnan, Varun"]
[WhiteFideId "36017450"]
[BlackFideId "5054508"]
[WhiteElo "1935"]
[BlackElo "2519"]
[Result "1-0"]
[Round "02"]
[TimeControl "180+1"]
[Date "2022.05.03"]
[WhiteClock "0:00:15"]
[BlackClock "0:00:07"]

1. d4 d5 2. Bf4 Nf6 3. e3 g6 4. Nf3 Bg7 5. Nbd2 O-O 6. c3 a5 7. Bd3 b6 8. O-O Ba6 9. Bxa6 Nxa6 10. c4 dxc4 11. Nxc4 Nd5 12. Bg3 c5 13. Rc1 cxd4 14. Nxd4 Nc5 15. Nc6 Qe8 16. Qxd5 Rc8 17. Nd4 Nd3 18. Rcd1 Nb4 19. Qf3 Rxc4 20. a3 Nc2 21. Qe2 Qc8 22. Rc1 Bxd4 23. exd4 b5 24. Qxe7 Nxd4 25. Rxc4 Qxc4 26. Qf6 Ne2+ 27. Kh1 Nxg3+ 28. fxg3 Re8 29. h4 h5 30. Rf4 Qd5 31. Rf2 b4 32. axb4 axb4 33. Kh2 b3 34. Qc3 Rb8 35. Rf3 Qe6 36. Qc7 Rc8 37. Qb7 Rc2 38. Qxb3 Qxb3 39. Rxb3 Kg7 40. Rb8 Kf6 41. b4 Rb2 42. Kh3 Kf5 43. b5 Rb1 44. Kh2 f6 45. b6 Rb2 46. Kg1 Rb1+ 47. Kf2 Rb2+ 48. Kf3 Rb3+ 49. Ke2 Rxg3 50. b7 Rb3 51. Kd2 Kg4 52. Kc2 Rb6 53. Kc3 Kxh4 54. Kc4 g5 55. Kc5 Rb1 56. Kc6 Kg3 57. Ra8 h4 58. Ra3+ Kxg2 59. Ra2+ Kg3 60. Ra3+ Kg4 61. Ra4+ Kh5 62. Ra5 h3 63. Rb5 Rxb5 64. Kxb5 g4 65. b8=Q Kh4 66. Qf4 f5 67. Kc4 h2 68. Qxh2+ Kg5 69. Qe5 Kh4 70. Qf4 Kh3 71. Qxf5 Kg3 72. Kd3 Kh2 73. Ke2 g3 74. Kf3 g2 75. Qh5+ Kg1 76. Qg4 Kf1 77. Qxg2+ Ke1 78. Qe2# 1-0


[Site "https://www.chess.com"]

[Event "Titled Tuesday Blitz May 03 Late 2022"]
[White "Rytenko, Vsevolod"]
[Black "Ferreira, Vitor Hugo Vieira"]
[WhiteFideId "14133040"]
[BlackFideId "2119765"]
[WhiteElo "2744"]
[BlackElo "2515"]
[Result "1-0"]
[Round "02"]
[TimeControl "180+1"]
[Date "2022.05.03"]
[WhiteClock "0:00:16"]
[BlackClock "0:00:10"]

1. d4 d5 2. c4 c6 3. Nf3 Nf6 4. g3 dxc4 5. Bg2 Bf5 6. O-O e6 7. Ne5 h6 8. Nc3 Nbd7 9. Nxc4 Be7 10. e4 Bh7 11. d5 cxd5 12. exd5 exd5 13. Nxd5 O-O 14. Nxe7+ Qxe7 15. Bf4 Qb4 16. Rc1 Rfd8 17. Bd6 Qb5 18. a4 Qa6 19. b4 Nb6 20. b5 Qxa4 21. Nxb6 Qxd1 22. Rfxd1 axb6 23. Bxb7 Ra5 24. Bc7 Rxd1+ 25. Rxd1 Be4 26. Bxe4 Nxe4 27. Rd8+ Kh7 28. Rd7 Kg6 29. f3 Nf6 30. Rd6 Rxb5 31. Bxb6 Kf5 32. Bd4 Rb1+ 33. Kg2 Rd1 34. g4+ Kg6 35. h4 Kh7 36. Kf2 Ne8 37. Rd8 Nc7 38. Ke2 Ne6 39. Kxd1 Nxd8 40. Ke2 Ne6 41. Be5 Nc5 42. Ke3 Nd7 43. Ke4 Nc5+ 44. Kd5 Ne6 45. f4 g6 46. Kd6 Kg8 47. Ke7 Nc5 48. Bd4 Ne6 49. Be3 Nf8 50. f5 gxf5 51. gxf5 Kg7 52. Bxh6+ Kxh6 53. Kxf8 f6 54. Kf7 Kh5 55. Kxf6 Kxh4 56. Ke7 Kg5 57. f6 Kg6 58. f7 1-0


[Site "https://www.chess.com"]